AoeStats
← Snakett

Black Forest

509693193Analyzed
2v2 RM · 4d ago on Sep 27, 2026· 236m 40s· 4 players
Game mode
Random Map
Map size
Medium (4 player)
Population
200
Speed
Normal
Resources
Standard
Victory
Conquest
Starting age
Dark Age
Ending age
Imperial Age
RankedLock teamsTeams togetherTeam positionsShared explorationLock speedFull tech treeHidden civsTurbo modeCheats
Victory
Defeat
🇵🇪 Spanish · Peru
1100
+16
🇵🇪 Franks · Peru
1097
+17
🇧🇷 Saxons · Brazil
1121
-17
🇧🇷 Persians · Brazil
1098
-16
Snakett
1:24 Loom
20:21 Feudal Age
21:14 Double-Bit Axe
24:27 Gold Mining
27:04 Castle Age
26:42 Stone Mining
29:09 Bow Saw
33:29 Wheelbarrow
35:13 Hand Cart
35:56 Gold Shaft Mining
40:43 Imperial Age
38:02 Treadmill Crane
38:36 Murder Holes
41:01 Ballistics
41:53 Siege Engineers
42:51 Chemistry
41:58 Siege Engineers
42:27 Pikeman
42:54 Arson
43:57 Forging
43:15 Halberdier
43:48 Fletching
44:01 Padded Archer Armor
45:19 Iron Casting
44:47 Scale Mail Armor
44:49 Husbandry
45:03 Town Watch
45:00 Cavalier
45:58 Chain Mail Armor
45:50 Scale Barding Armor
47:40 Blast Furnace
46:08 Onager
47:13 Chain Barding Armor
47:28 Conscription
46:29 Ordonnance Companies
48:28 Plate Mail Armor
48:21 Chain Barding Armor
47:57 Bodkin Arrow
48:19 Leather Archer Armor
48:18 Masonry
47:33 Elite Skirmisher
48:44 Onager
50:08 Hoardings
50:44 Plate Barding Armor
50:03 Paladin
53:31 Architecture
58:10 Caravan
66:33 Light Cavalry
67:34 Chivalry
69:34 Fortified Wall
77:48 Town Patrol
89:37 Elite Throwing Axeman
113:22 Squires
232:21 Spies/Treason
ShalonPe
3:40 Loom
11:13 Feudal Age
12:03 Double-Bit Axe
19:21 Castle Age
18:28 Horse Collar
21:09 Pikeman
29:19 Arson
30:22 Wheelbarrow
29:32 Town Watch
31:03 Redemption
31:02 Squires
30:24 Man-at-Arms
34:38 Imperial Age
32:27 Bow Saw
34:31 Hand Cart
34:02 Town Watch
35:02 Forging
34:53 Scale Mail Armor
35:28 Heavy Plow
36:49 Chemistry
36:10 Ballistics
35:16 Capped Ram
35:57 Gold Mining
36:01 Stone Mining
35:58 Halberdier
36:14 Siege Ram
37:42 Iron Casting
37:24 Chain Mail Armor
37:15 Scale Barding Armor
37:38 Conscription
37:59 Town Patrol
39:14 Two-Man Saw
39:23 Husbandry
39:34 Bloodlines
38:45 Cavalier
41:19 Blast Furnace
40:49 Plate Mail Armor
40:40 Chain Barding Armor
45:37 Paladin
47:56 Bombard Tower
47:47 Masonry
51:00 Fletching
51:11 Padded Archer Armor
51:47 Plate Barding Armor
63:26 Bodkin Arrow
63:47 Leather Archer Armor
67:07 Light Cavalry
67:53 Light Cavalry
70:52 Bracer
71:22 Ring Archer Armor
73:20 Hussar
76:21 Elite Skirmisher
80:53 Supremacy
94:46 Architecture
151:21 Caravan
151:55 Coinage
151:39 Guilds
166:15 Onager
Iceman
1:59 Loom
14:22 Feudal Age
20:41 Castle Age
18:38 Double-Bit Axe
18:37 Horse Collar
19:18 Stone Mining
20:32 Pikeman
21:41 Heavy Plow
22:20 Stone Shaft Mining
25:19 Wheelbarrow
25:05 Bow Saw
29:51 Hand Cart
34:34 Imperial Age
32:04 Gold Mining
37:33 Two-Man Saw
37:06 Crop Rotation
36:46 Caravan
37:20 Coinage
37:29 Guilds
38:37 Chemistry
39:29 Banking
38:50 Cavalier
39:31 Husbandry
40:16 Conscription
41:31 Light Cavalry
42:22 Savar
48:05 Scale Barding Armor
48:11 Forging
49:12 Chain Barding Armor
50:23 Iron Casting
51:09 Bloodlines
50:20 Hussar
51:37 Plate Barding Armor
51:08 Kamandaran
50:31 Crossbowman
51:16 Thumb Ring
54:44 Blast Furnace
53:35 Fletching
53:46 Padded Archer Armor
54:09 Ballistics
54:13 Masonry
55:44 Scale Mail Armor
56:18 Architecture
55:59 Elite War Elephant
56:50 Citadels
62:14 Bodkin Arrow
62:35 Leather Archer Armor
62:36 Chain Mail Armor
63:44 Heavy Camel Rider
132:20 Plate Mail Armor
132:21 Ring Archer Armor
134:45 Parthian Tactics
133:56 Heavy Cavalry Archer
163:41 Elite Skirmisher
182:49 Halberdier
183:29 Squires
183:15 Arson
193:28 Capped Ram
194:21 Siege Ram
Haven((GM))
1:07 Loom
14:06 Feudal Age
19:04 Double-Bit Axe
22:24 Castle Age
23:52 Bow Saw
23:57 Horse Collar
25:20 Wheelbarrow
28:42 Forging
30:25 Town Watch
31:02 Scale Mail Armor
31:59 Chain Mail Armor
32:19 Caravan
33:15 Iron Casting
36:48 Imperial Age
35:20 Heavy Plow
35:25 Clerical Recruitment
36:02 Gold Mining
38:03 Plate Mail Armor
37:41 Elite Hearth Troop
38:42 Conscription
38:09 Shield Wall
39:25 Hoardings
39:32 Crop Rotation
39:56 Fletching
40:27 Hand Cart
42:26 Bodkin Arrow
43:29 Elite Varangian Guard
44:11 Squires
47:49 Two-Man Saw
47:43 Bracer
47:53 Arson
47:57 Pikeman
50:04 Block Printing
50:13 Sanctity
50:15 Fortified Wall
51:05 Chemistry
50:26 Ballistics
50:36 Onager
52:40 Stone Mining
53:34 Halberdier
55:11 Capped Ram
57:51 Illumination
57:27 Devotion
57:48 Heresy
58:04 Theocracy
61:42 Siege Ram
65:24 Faith
65:15 Redemption
65:06 Atonement
66:06 Siege Engineers
66:12 Masonry
65:58 Murder Holes
69:22 Heavy Scorpion
95:41 Padded Archer Armor
108:27 Architecture
Connection lost

Rejoining the realm…

Still unreachable

The connection could not be restored.

Session expired

The server has moved on; the page needs a fresh start.